AoeStats
← CrazyBen

Arena

505266967Analyzed
4v4 RM · 24d ago on Sep 8, 2026· 65m 17s· 8 players
Game mode
Random Map
Map size
Large (8 player)
Population
200
Speed
Normal
Resources
Standard
Victory
Conquest
Starting age
Dark Age
Ending age
Imperial Age
RankedLock teamsTeams togetherTeam positionsShared explorationLock speedFull tech treeHidden civsTurbo modeCheats
Victory
Defeat
🇹🇷 Mapuche · Türkiye
1669
+9
🇹🇷 Spanish · Türkiye
1640
+10
🇹🇷 Wu · Türkiye
1582
+13
🇹🇷 Persians · Türkiye
1181
+94
1616
-19
🇫🇷 Bengalis · France
1478
-14
🇹🇼 Mongols · Taiwan
1473
-14
🇹🇼 Spanish · Taiwan
1435
-13
TW_Jerry YT @TW-aoe2noobs
10:22 Feudal Age
11:35 Double-Bit Axe
14:22 Castle Age
12:09 Double-Bit Axe
12:46 Horse Collar
15:28 Bow Saw
15:23 Heavy Plow
18:30 Loom
20:27 Wheelbarrow
22:26 Ballistics
24:14 Fletching
30:27 Imperial Age
29:54 Scale Barding Armor
29:59 Forging
31:16 Chain Barding Armor
31:11 Bloodlines
31:01 Husbandry
30:39 Elite Centurion
31:22 Stone Mining
31:23 Gold Mining
32:24 Iron Casting
33:38 Chemistry
33:25 Plate Barding Armor
34:42 Blast Furnace
33:47 Capped Ram
35:24 Conscription
35:55 Hand Cart
37:01 Ballistas
36:56 Siege Ram
37:54 Heavy Scorpion
40:25 Siege Engineers
41:13 Bodkin Arrow
41:30 Masonry
42:28 Coinage
43:20 Gold Shaft Mining
43:19 Squires
42:39 Pikeman
43:21 Scale Mail Armor
45:22 Banking
47:12 Chain Mail Armor
48:29 Architecture
47:40 Light Cavalry
48:46 Halberdier
57:07 Murder Holes
CrazyBen
10:07 Feudal Age
13:43 Castle Age
12:03 Double-Bit Axe
12:46 Gold Mining
16:59 Gold Shaft Mining
17:46 Fervor
20:50 Redemption
22:10 Sanctity
28:24 Loom
31:24 Imperial Age
29:48 Stone Mining
32:20 Block Printing
32:31 Illumination
32:42 Theocracy
34:55 Fletching
34:55 Pikeman
35:35 Squires
36:32 Scale Mail Armor
41:49 Horse Collar
42:07 Halberdier
43:35 Chain Mail Armor
44:27 Forging
45:08 Bow Saw
45:02 Heavy Plow
46:05 Loom
49:52 Bodkin Arrow
51:07 Elite Skirmisher
Kou_Bs
9:43 Feudal Age
13:49 Castle Age
12:15 Double-Bit Axe
13:42 Horse Collar
15:27 Bow Saw
17:00 Loom
19:55 Heavy Plow
22:23 Wheelbarrow
22:56 Gold Mining
23:08 Stone Mining
23:26 Gold Mining
28:56 Imperial Age
27:00 Ballistics
27:43 Hand Cart
28:15 Gold Shaft Mining
28:16 Stone Shaft Mining
27:35 Fletching
27:45 Padded Archer Armor
27:59 Town Watch
28:52 Bodkin Arrow
29:12 Leather Archer Armor
29:17 Elite Mangudai
30:29 Bracer
32:45 Bloodlines
32:35 Husbandry
35:55 Thumb Ring
36:22 Parthian Tactics
38:00 Chemistry
37:05 Siege Engineers
37:57 Scale Barding Armor
38:43 Conscription
39:00 Chain Barding Armor
40:32 Drill
40:59 Light Cavalry
41:51 Forging
45:39 Iron Casting
46:34 Hussar
47:35 Elite Skirmisher
49:27 Blast Furnace
50:54 Fortified Wall
50:28 Onager
斷水流大師兄
11:47 Feudal Age
15:29 Castle Age
14:40 Horse Collar
21:22 Padded Archer Armor
44:02 Wheelbarrow
47:27 Double-Bit Axe
50:37 Bow Saw
50:34 Heavy Plow
51:38 Hand Cart
51:41 Scale Barding Armor
52:13 Gold Mining
56:13 Imperial Age
53:55 Scale Barding Armor
54:01 Forging
55:09 Chain Barding Armor
55:31 Bloodlines
55:22 Husbandry
56:46 Iron Casting
58:09 Two-Man Saw
56:32 Cavalier
58:04 Plate Barding Armor
59:10 Blast Furnace
58:06 Paladin
62:17 Paladin
USTA
11:21 Feudal Age
15:17 Castle Age
15:55 Double-Bit Axe
15:51 Horse Collar
18:12 Fletching
19:15 Bodkin Arrow
21:53 Bow Saw
30:51 Loom
35:02 Imperial Age
34:08 Wheelbarrow
34:02 Gold Mining
34:03 Stone Mining
35:18 Town Watch
36:28 Heavy Plow
37:45 Bracer
38:36 Scale Mail Armor
38:47 Forging
39:24 Hand Cart
39:51 Chain Mail Armor
38:58 Pikeman
39:38 Squires
39:41 Halberdier
41:45 Plate Mail Armor
42:35 Iron Casting
48:18 Blast Furnace
52:47 Caravan
54:33 Sitting Tiger
56:39 Two-Man Saw
56:39 Conscription
58:55 Chemistry
Kuş Bilge
10:27 Feudal Age
14:39 Castle Age
13:13 Double-Bit Axe
14:38 Horse Collar
21:23 Bow Saw
25:34 Padded Archer Armor
26:57 Leather Archer Armor
30:40 Wheelbarrow
32:32 Heavy Plow
33:25 Hand Cart
33:49 Gold Mining
36:45 Imperial Age
35:15 Bloodlines
35:09 Husbandry
36:41 Scale Barding Armor
36:48 Forging
38:06 Ring Archer Armor
38:47 Elite Conquistador
39:51 Conscription
42:22 Stone Mining
42:18 Loom
44:22 Chemistry
42:59 Light Cavalry
44:45 Two-Man Saw
45:44 Chain Barding Armor
46:00 Iron Casting
45:42 Hussar
60:45 Plate Barding Armor
61:11 Blast Furnace
Çikolata
10:36 Feudal Age
14:27 Castle Age
12:33 Horse Collar
13:12 Double-Bit Axe
15:06 Bow Saw
14:59 Heavy Plow
18:11 Forging
19:12 Light Cavalry
22:19 Husbandry
23:23 Gold Mining
28:10 Wheelbarrow
27:27 Loom
30:17 Imperial Age
28:10 Bloodlines
28:06 Scale Barding Armor
28:36 Masonry
28:48 Ballistics
29:16 Hand Cart
29:23 Chain Barding Armor
30:56 Iron Casting
31:10 Plate Barding Armor
30:28 Hussar
32:15 Two-Man Saw
32:56 Devotion
34:17 Stone Mining
35:03 Gold Shaft Mining
34:44 Cavalier
36:20 Crop Rotation
37:00 Savar
40:07 Blast Furnace
39:33 Faith
40:19 Conscription
46:21 Chemistry
45:17 Fletching
46:00 Architecture
46:47 Bodkin Arrow
46:13 Heavy Camel Rider
48:59 Coinage
49:25 Padded Archer Armor
49:28 Kamandaran
51:30 Leather Archer Armor
51:12 Murder Holes
54:02 Ring Archer Armor
54:05 Banking
53:47 Guilds
54:45 Caravan
56:36 Town Watch
56:53 Scale Mail Armor
56:40 Gambesons
57:09 Elite War Elephant
59:52 Citadels
61:55 Hoardings
64:38 Spies/Treason
FeelMySpike
10:15 Feudal Age
14:27 Castle Age
12:53 Fletching
13:47 Double-Bit Axe
13:43 Horse Collar
15:18 Bodkin Arrow
15:45 Loom
27:04 Town Watch
28:36 Wheelbarrow
28:21 Bow Saw
33:59 Imperial Age
31:34 Gold Mining
32:26 Ballistics
33:31 Padded Archer Armor
34:38 Hand Cart
35:55 Chemistry
36:32 Malon
38:01 Heavy Plow
39:04 Conscription
38:49 Elite Bolas Rider
43:59 Butalmapu
46:33 Leather Archer Armor
46:29 Forging
46:48 Conscription
49:25 Ring Archer Armor
49:30 Iron Casting
49:48 Elite Kona
54:45 Blast Furnace
57:30 Town Patrol
57:31 Scale Mail Armor
57:43 Siege Engineers
57:50 Masonry
57:23 Treadmill Crane
57:54 Masonry
63:21 Gold Shaft Mining
62:36 Stone Mining
Connection lost

Rejoining the realm…

Still unreachable

The connection could not be restored.

Session expired

The server has moved on; the page needs a fresh start.